 Dungeon Crawl Stone Soup version 0.27.1-3-gb3d3a73c9e (webtiles) character file.

Game seed: 7682463468344696700

65 cdecastro the Poker (level 3, -1/27 HPs)
             Began as a Demonspawn Gladiator on Oct 9, 2021.
             Slain by Grinder (4 damage)
             ... while paralysed by Grinder
             ... on level 2 of the Dungeon.
             The game lasted 00:05:55 (2691 turns).

cdecastro the Poker (Demonspawn Gladiator)          Turns: 2691, Time: 00:05:55

Health: -1/27      AC:  4    Str: 15    XL:     3   Next: 92%
Magic:  3/3        EV:  2    Int:  9    God:
Gold:   53         SH:  0    Dex: 14    Spells: 2/2 levels left

rFire    . . .     SeeInvis .     - Unarmed
rCold    . . .     Faith    .   (no shield)
rNeg     . . .     Spirit   .   b - +0 leather armour
rPois    .         Reflect  .   c - +0 helmet
rElec    .         Harm     .   (no cloak)
rCorr    .         Rampage  .   (no gloves)
Will     .....                  (no boots)
Stlth    +.........             (no amulet)
HPRegen  0.09/turn              (no ring)
MPRegen  0.08/turn              (no ring)

@: paralysed
A: claws 1, powered by death 1
a: no special abilities


You were on level 2 of the Dungeon.
You visited 1 branch of the dungeon, and saw 3 of its levels.

You collected 91 gold pieces.
You spent 38 gold pieces at shops.

Inventory:

Hand Weapons
 a - a +0 trident
Missiles
 d - 3 throwing nets
 e - 87 stones
 f - 9 poisoned darts (quivered)
 i - 6 boomerangs
 k - 47 sling bullets
Armour
 b - a +0 leather armour (worn)
 c - a +0 helmet (worn)
Scrolls
 g - a scroll of torment {unknown}
 j - 2 scrolls of fear
 l - 2 scrolls of teleportation {unknown}
 m - 2 scrolls of identify {unknown}
 n - a scroll of blinking {unknown}


   Skills:
 - Level 2.0 Fighting
 - Level 3.2 Polearms
 - Level 1.7 Throwing
 - Level 2.6 Dodging
 + Level 2.7 Unarmed Combat


You had 2 spell levels left.
You didn't know any spells.
Your spell library contained the following spells:

 Spells                   Type           Power      Damage    Failure   Level
 Inner Flame              Hex/Fire       0%         N/A       83%         3
 Cause Fear               Hex            0%         N/A       99%         4
 Discord                  Hex            0%         N/A       100%        8


Dungeon Overview and Level Annotations

Branches:
Dungeon (3/15)

Altars:

Shops:
D:2 *

Annotations:
D:2 Grinder


Innate Abilities, Weirdness & Mutations

You have sharp fingernails.
You regenerate a little health from kills.


Message History

You see here a jackal corpse.
There is a stone staircase leading down here.
There is a stone staircase leading up here.
You climb upwards.
There is a stone staircase leading down here.
You start resting.
HP restored.
You climb downwards.
Level annotation: Grinder Grinder blinks!
There is a stone staircase leading up here.
Unknown command.
Grinder closely misses you.
You climb upwards.
There is a stone staircase leading down here.
Unknown command.
You closely miss Grinder. Grinder closely misses you.
You scratch Grinder.
Grinder is lightly wounded.
Grinder gestures at you.
You barely resist. You scratch Grinder.
Grinder is moderately wounded.
Grinder gestures at you.
You suddenly lose the ability to move!
Grinder hits you.
You writhe in agony.
Grinder barely misses you. Grinder hits you but does no damage.
Grinder hits you.
You writhe in agony.
Grinder hits you.
* * * LOW HITPOINT WARNING * * *
Grinder says, "I used to sell toenails on the black market."
Grinder hits you.
* * * LOW HITPOINT WARNING * * *
You writhe in agony.
* * * LOW HITPOINT WARNING * * *
Grinder hits you.
* * * LOW HITPOINT WARNING * * *
You writhe in agony.
You die...

#.#######.###.# #.####.###.#####
#.##......# #.# #...............
#.##.####.###.# ######..#.#.###.
#.##.# #.....####[.....#..†....
#.##.# ###.#.......##..####....
#.##.# #.######......# #....
#.##.# #.# #..##..# ####. #.##.#
#.######..##..# #. #.##.#
#....@5.......#######. #.##.#
#######...###.........
#.##.############...............
##...................####.##....>
#.......##########...# #.###>#..
#.#####.# #...# #........ #.# #.#
#...## #####.#.# #.# #.## #....#
#.#.. #.#####..## #..#.#
#####.###


You could see Grinder.

Vanquished Creatures
  2 adders (D:2)
  A worm (D:2)
  An orc (D:3)
  7 endoplasms
  2 giant cockroaches (D:1)
  5 goblins
  2 hobgoblins
  5 jackals
  A quokka (D:2)
  4 ball pythons
  3 bats
  A frilled lizard (D:1)
  A kobold (D:1)
  4 rats (D:1)
39 creatures vanquished.

Notes
Turn   | Place    | Note
-------+----------+-------------------------------------------
     0 | D:1      | cdecastro the Demonspawn Gladiator began the quest for the
                  | Orb.
     0 | D:1      | Reached XP level 1. HP: 16/16 MP: 1/1
    32 | D:1      | Reached skill level 3 in Polearms
   375 | D:1      | Gained mutation: You have sharp fingernails. [demonic
                  | ancestry]
   375 | D:1      | Reached XP level 2. HP: 22/22 MP: 2/2
   923 | D:1      | Reached skill level 1 in Unarmed Combat
   966 | D:1      | You fall into a shaft and drop 1 floor!
  1617 | D:2      | Gained mutation: You regenerate a little health from kills.
                  | [demonic ancestry]
  1617 | D:2      | Reached XP level 3. HP: 27/27 MP: 3/3
  1636 | D:2      | Found Plog's General Store.
  1655 | D:2      | Bought a scroll of fear for 38 gold pieces
  2381 | D:3      | Noticed Grinder
  2448 | D:3      | Paralysed by Grinder for 2 turns
  2456 | D:3      | Paralysed by Grinder for 3 turns
  2474 | D:3      | Paralysed by Grinder for 5 turns
  2684 | D:2      | Paralysed by Grinder for 7 turns
  2691 | D:2      | Slain by Grinder

Illustrated notes

Levels and vault maps discovered:
D:1:      dpeg_arrival_tiny_a, layout_rooms, hangedman_decor_lopped,
          hangedman_decor_diamond_cutter
D:2:      layout_loops_ring, serial_shops, shop, minmay_circle_x
D:3:      layout_basic, cheibrodos_ashenzari_chains,
          hellmonk_ecumenical_altar_heavens_door, uniq_grinder

Skill      XL: |  1  2  3 |
---------------+----------+-----
Polearms       | 3 |  3.2
Unarmed Combat | 1 2 |  2.7
Fighting       | |  2.0
Throwing       | |  1.7
Dodging        | |  2.6

Action                   || total
-------------------------++-------
Melee: Trident           ||    27
       Unarmed           ||   140
Throw: Dart              ||    15
  Use: Potion            ||     2
Armor: Leather armour    ||    51
Dodge: Dodged            ||   107
